 Seeded DCSS version 0.27.1-3-gb3d3a73c9e (webtiles) character file.

Game seed: 20211029 (custom seed)

0 jessy the Stinger (level 1, 0/11 HPs)
             Began as an Octopode Venom Mage on Oct 29, 2021.
             Slain by an adder (3 damage)
             ... on level 3 of the Dungeon.
             The game lasted 00:01:05 (156 turns).

jessy the Stinger (Octopode Venom Mage)              Turns: 156, Time: 00:01:06

Health: 0/11       AC:  1    Str:  7    XL:     1   Next: 10%
Magic:  3/3        EV: 13    Int: 17    God:
Gold:   0          SH:  0    Dex: 12    Spells: 3/4 levels left

rFire    . . .     SeeInvis .   (no weapon)
rCold    . . .     Faith    .   (no shield)
rNeg     . . .     Spirit   .   (helmet restricted)
rPois    .         Reflect  .   (no amulet)
rElec    .         Harm     .   (no ring)
rCorr    .         Rampage  .   (no ring)
Will     .....                  (no ring)
Stlth    +++.......             (no ring)
HPRegen  0.03/turn              (no ring)
MPRegen  0.08/turn              (no ring)
                                (no ring)
                                (no ring)

@: lethally poisoned (0 -> -2)
A: almost no armour, amphibious, 8 rings, camouflage 1, gelatinous body 1,
(nimble swimmer 1), tentacles
a: no special abilities


You were on level 3 of the Dungeon.
You visited 1 branch of the dungeon, and saw 3 of its levels.

Inventory:

Missiles
 c - 27 bolts
Scrolls
 b - a scroll of fog {unknown}
Potions
 a - a potion of haste {unknown}


   Skills:
 + Level 2.0 Dodging
 + Level 2.6 Stealth
 + Level 2.0 Spellcasting
 + Level 1.0 Transmutations
 + Level 3.7 Poison Magic


You had 3 spell levels left.
You knew the following spells:

 Your Spells              Type           Power      Damage    Failure   Level
a - Sting                 Tmut/Pois      36%        1d4       8%          1

Your spell library contained the following spells:

 Spells                   Type           Power      Damage    Failure   Level
 Poisonous Vapours        Pois/Air       14%        N/A       14%         2
 Mephitic Cloud           Conj/Pois/Air  5%         N/A       34%         3
 Olgreb's Toxic Radiance  Pois           14%        N/A       38%         4


Dungeon Overview and Level Annotations

Branches:
Dungeon (3/15)

Altars:


Innate Abilities, Weirdness & Mutations

You cannot wear most types of armour.
You are amphibious.
You can wear up to eight rings at the same time.
Your skin changes colour to match your surroundings (Stealth+).
Your rubbery body absorbs attacks. (AC +1, EV +1)
((You are camouflaged near water. (Stealth+)))
You have tentacles for arms and can constrict up to eight enemies at once.


Message History

Found an escape hatch in the floor.
There is an escape hatch in the floor here.
You slide downwards.
The hatch slams shut behind you.
Found a scroll labelled MIDIOMNUL TEEGG.
The bat barely misses you. The bat completely misses you.
b - a scroll labelled MIDIOMNUL TEEGG The bat misses you.
The bat barely misses you. The bat hits you but does no damage.
The bat barely misses you. The bat closely misses you. The bat misses you.
The bat closely misses you. The bat completely misses you. The bat misses you.
The bat misses you.
You open the door. The bat hits you but does no damage.
There is an open door here.
The bat barely misses you.
Found 27 bolts.
The bat closely misses you.
You see here 27 bolts.
c - 27 bolts
Found a stone staircase leading up.
Found 2 scrolls labelled HEOM VUICKUPY.
An adder comes into view.
The adder closely misses you. The adder closely misses you.
You see here 2 scrolls labelled HEOM VUICKUPY.
The adder bites you.
You are poisoned.
The adder poisons you!
You closely miss the adder. Your grab misses the adder.
You feel sick. The adder bites you. The adder barely misses you.
You tentacle-slap the adder. Your grab misses the adder. You squeeze the adder.
The adder is severely wounded.
* * * LOW HITPOINT WARNING * * *
You feel sick. The adder bites you.
You die...

### #.. #.# #.#
#.#####.#
........##
.......@?#
#.#####S## #.#
#.#####.###.###
..............#
#######.###.###
#.# .# #.# .#
#.# .#


You could see an adder.

Vanquished Creatures
  A rat (D:1)
1 creature vanquished.

Notes
Turn   | Place    | Note
-------+----------+-------------------------------------------
     0 | D:1      | jessy the Octopode Venom Mage began the quest for the Orb.
     0 | D:1      | Reached XP level 1. HP: 11/11 MP: 3/3
   156 | D:3      | Slain by an adder

Illustrated notes

Levels and vault maps discovered:
D:1:      onia_arrival_handbag, layout_basic, basic_ecumenical_altar
D:2:      layout_basic, uniq_jessica
D:3:      layout_basic, cheibrodos_gnoll_hut, uniq_sigmund

Action                   || total
-------------------------++-------
Melee: Unarmed           ||     3
       Tentacles         ||     2
       Constrict         ||     1
Armor: Skin              ||     2
Dodge: Dodged            ||    17
